 Dungeon Crawl Stone Soup version 0.23-a0-164-g7711e57 (webtiles) character file.

18652 Amnesiac the Destroyer (level 12, -6/76 HPs)
             Began as a Mummy Ice Elementalist on Sept 9, 2018.
             Was an Elder of Vehumet.
             Shot with an arrow by a deep elf archer (19 damage)
             ... on level 2 of the Orcish Mines.
             The game lasted 00:27:47 (18268 turns).

Amnesiac the Destroyer (Mummy Ice Elementalist)    Turns: 18268, Time: 00:27:47

Health: -6/76      AC:  8    Str: 12    XL:     12   Next: 29%
Magic:  32/35      EV: 10    Int: 19    God:    Vehumet [****..]
Gold:   1202       SH:  8    Dex: 12    Spells: 14/32 levels left

rFire    x . .     SeeInvis +   a - +2 scimitar (flame)
rCold    + + .     Gourm    .   A - +2 shield {rF+}
rNeg     + + +     Faith    .   g - +0 steam dragon scales
rPois    ∞         Spirit   .   (no helmet)
rElec    .         Reflect  .   C - +1 cloak {MR+}
rCorr    .         Harm     +   l - +0 pair of gloves
MR       ++...                  (no boots)
Stlth    ++........             i - amulet of harm
HPRegen  0.22/turn              B - ring of Voyf {Ice rPois SInv}
MPRegen  0.24/turn              m - ring of magical power

@: no status effects
A: no food or potions, fire vulnerability, cold resistance 1, negative energy
resistance 3, torment resistance, unbreathing
a: Renounce Religion


You were on level 2 of the Orcish Mines.
You worshipped Vehumet.
Vehumet was greatly pleased with you.
You were not hungry.

You visited 3 branches of the dungeon, and saw 12 of its levels.

You collected 1202 gold pieces.

Inventory:

Hand Weapons
 a - a +2 scimitar of flaming (weapon)
 b - the +4 hunting sling "Lurusucw" {venom, Str+4}
   (You found it on level 7 of the Dungeon)

   It poisons the ammo it fires.
   It affects your strength (+4).
Missiles
 x - 126 sling bullets
 y - 300 stones (quivered)
Armour
 e - a +1 ring mail of fire resistance
 g - +0 steam dragon scales (worn)
 l - a +0 pair of gloves (worn)
 z - a +2 robe of positive energy
 A - a +2 shield of fire resistance (worn)
 C - a +1 cloak of magic resistance (worn)
Magical Staves
 d - an uncursed staff of energy
Jewellery
 i - an amulet of harm (around neck)
 k - an uncursed ring of protection from fire
 m - a ring of magical power (right hand)
 B - the ring of Voyf (left hand) {Ice rPois SInv}
   (You took it off a skeletal warrior on level 7 of the Dungeon)

   [ring of ice]

   It enhances your ice magic.
   It makes you vulnerable to fire.
   It protects you from cold.
   It protects you from poison.
   It lets you see invisible.
Wands
 h - a wand of iceblast (7)
 j - a wand of polymorph (25)
 n - a wand of enslavement (13)
 o - a wand of disintegration (10)
 t - a wand of random effects (8)
Scrolls
 c - 8 scrolls of remove curse {!r}
 f - 4 scrolls of enchant armour {!r}
 p - a scroll of teleportation {!r}
 q - a scroll of fog {!r}
 r - a scroll of identify {!r}
 s - a scroll of fear {!r}
 v - a scroll of amnesia {!r}
Miscellaneous
 u - a lightning rod (4/4)
 w - a fan of gales


   Skills:
 - Level 1.0 Fighting
 - Level 2.7 Dodging
 - Level 1.5 Stealth
 + Level 10.9 Spellcasting
 * Level 11.0 Conjurations
 * Level 10.9 Ice Magic


You had 14 spell levels left.
You knew the following spells:

 Your Spells              Type           Power        Failure   Level  Hunger
a - Throw Icicle          Conj/Ice       ######..     1%          4    N/A
b - Summon Ice Beast      Ice/Summ       #####...     45%         4    N/A
d - Freeze                Ice            ####         1%          1    N/A
e - Mephitic Cloud        Conj/Pois/Air  ###.....     9%          3    N/A
s - Conjure Flame         Conj/Fire      ####....     4%          3    N/A
z - Ozocubu's Armour      Chrm/Ice       #####...     16%         3    N/A

Your spell library contained the following spells:

 Spells                   Type           Power        Failure   Level  Hunger
 Yara's Violent Unravell  Hex/Tmut       ##........   95%         5    N/A
 Sting                    Conj/Pois      ####         1%          1    N/A
 Throw Frost              Conj/Ice       ######       1%          2    N/A
 Venom Bolt               Conj/Pois      ####......   32%         5    N/A
 Animate Skeleton         Necr           N/A          43%         1    N/A
 Pain                     Necr           ##..         43%         1    N/A
 Poisonous Vapours        Pois/Air       ##....       58%         2    N/A
 Olgreb's Toxic Radiance  Pois           ##......     71%         4    N/A
 Vampiric Draining        Necr           ##........   82%         3    N/A
 Animate Dead             Necr           N/A          99%         4    N/A
 Regeneration             Chrm/Necr      Unusable     N/A         3    N/A

Dungeon Overview and Level Annotations

Branches:
Dungeon (9/15)             Temple (1/1) D:6             Orc (2/2) D:9
    Elf (0/3) Orc:2
   Lair: D:8-11

Altars:
Ashenzari
Dithmenos
Elyvilon
Gozag
Hepliaklqana
Kikubaaqudgha
Ru
Sif Muna
Vehumet
Zin
The Shining One

Shops:
Orc:2 %*

Annotations:
D:7 1 runed door
Orc:1 Nergalle, Urug


Innate Abilities, Weirdness & Mutations

You do not eat or drink.
Your flesh is vulnerable to fire.
You are immune to poison.
Your flesh is cold resistant. (rC+)
You are immune to negative energy. (rN+++)
You are immune to unholy pain and torment.
You can survive without breathing.


Message History

a runed chain mail; a war axe of chopping
There is a stone staircase leading up here.
You climb upwards.
Level annotation: Nergalle, Urug
There is a stone staircase leading down here.
Wear which item? (? for menu, Esc to quit)
You start removing your armour.
You continue taking off your +0 steam dragon scales. x4
You finish taking off your +0 steam dragon scales.
You start putting on your armour.
You continue putting on your glowing robe. x5
HP restored.
You finish putting on your +2 robe of positive energy.
You feel more protected from negative energy.
Casting: Throw Icicle (safe; 1% risk of failure)
Confirm with . or Enter, or press ? or * to list all spells.
Okay, then.
Wear which item? (? for menu, Esc to quit)
You start removing your armour.
You continue taking off your +2 robe of positive energy. x4
You finish taking off your +2 robe of positive energy.
You feel less protected from negative energy.
You start putting on your armour.
You continue putting on your +0 steam dragon scales. x5
You finish putting on your +0 steam dragon scales.
Drop what? 29/52 slots (_ for help) (? for menu, Esc to quit)
Okay, then.
Wear which item? (? for menu, Esc to quit)
You start putting on your armour.
You continue putting on your shiny shield. x4
You finish putting on your +2 shield of fire resistance.
You feel resistant to fire.
Casting: Throw Icicle (safe; 1% risk of failure)
Confirm with . or Enter, or press ? or * to list all spells.
Okay, then.
You climb downwards.
There is a stone staircase leading up here.
Things that are here:
a runed chain mail; a war axe of chopping
Things that are here:
a hand axe; a plate armour; a trident You see here a hand axe of chopping.
The deep elf archer shouts!
The deep elf archer shoots an arrow.
The arrow hits you!!
Things that are here:
an arrow; a chain mail; a halberd The deep elf archer shoots an arrow.
You block the arrow.
You see here an arrow.
Casting: Throw Icicle (safe; 1% risk of failure)
Confirm with . or Enter, or press ? or * to list all spells.
Aiming: Throw Icicle (safe; 1% risk of failure)
Press: ? - help, Shift-Dir - straight line, f - deep elf archer
Aim: a deep elf archer, wielding a shortbow and wearing a leather armour You feel a surge of power!
The deep elf archer repels the shard of ice!
The deep elf archer shoots an arrow.
The arrow hits you!!
* * * LOW HITPOINT WARNING * * *
Unknown command.
There is an open gate here.
You see here a +0 troll leather armour.
There is an open gate here.
There is an open gate here.
The deep elf archer shoots an arrow.
The arrow hits you!
You die...

##.....................##.##
##..#..).#########..........#
##......###.).....#..........#
#.........#......(#.........##
......e...#.......#.........#
#.........#....8..#.........##
##........#.......##.........#
##.......e###[''###.........##
.............)..@...).......##
....#..[)).((...).)[.<)......#
.....#.[.....)()).........)..#
.[..................(.......##
...[.......................##
.............)............###
............................##
...............#)............#
..........[.........[........#


You could see a deep elf archer.

Vanquished Creatures
  An orc warlord (Orc:2)
  The ghost of Noname the Thaumaturge, a journeyman GnSk of Wu Jian (Orc:2)
  Harold (Orc:1)
  Erica (D:8)
  2 two-headed ogres
  2 orc high priests (Orc:2)
  Sonja (Orc:2)
  A soul eater (Orc:2)
  A skeletal warrior (D:7)
  An orc knight (Orc:2)
  A deep elf mage (Orc:2)
  An orc sorcerer (Orc:2)
  A gargoyle (D:7)
  A hellwing (Orc:2)
  2 trolls
  A merfolk (Orc:2)
  2 hippogriffs
  A ynoxinul (Orc:2)
  Sigmund (D:4)
  A vampire (D:7)
  A hungry ghost (D:9)
  A steam dragon (D:8)
  Menkaure (D:5)
  2 wargs (Orc:2)
  2 water moccasins
  21 orc warriors
  2 ice beasts
  A black bear (D:8)
  A sky beast (D:7)
  A necrophage (D:9)
  2 phantoms (D:4)
  9 ogres
  5 centaurs
  Blork the orc (D:4)
  3 bullfrogs
  A wyvern skeleton (D:8)
  6 scorpions
  6 killer bees
  A wight (D:7)
  A howler monkey (D:7)
  2 crimson imps
  3 centaur zombies
  2 bullfrog skeletons
  A quasit (D:7)
  2 bullfrog zombies (D:5)
  2 hounds
  4 jellies
  15 orc wizards
  14 orc priests
  Crazy Yiuf (D:7)
  Jessica (D:2)
  3 centaur skeletons
  2 iguanas
  14 worker ants
  A killer bee zombie (D:5)
  3 hound zombies (D:5)
  A howler monkey zombie (D:5)
  2 worker ant zombies
  9 adders
  9 gnolls
  A howler monkey skeleton (D:5)
  A river rat (D:5)
  2 shadow imps
  3 oozes
  4 adder zombies
  2 adder skeletons (D:5)
  5 worms
  2 dart slugs
  4 leopard geckos
  52 orcs
  2 ball pythons (D:1)
  4 bats
  9 giant cockroaches
  10 hobgoblins
  14 jackals
  2 quokkas
  5 frilled lizards
  A giant cockroach zombie (D:6)
  8 goblins
  10 kobolds
  3 leopard gecko skeletons
  A quokka skeleton (D:5)
  9 rats
  A fungus (D:7)
338 creatures vanquished.

Notes
Turn   | Place    | Note
-------+----------+-------------------------------------------
     0 | D:1      | Amnesiac the Mummy Ice Elementalist began the quest for the
                  | Orb.
     0 | D:1      | Reached XP level 1. HP: 13/13 MP: 4/4
     3 | D:1      | Noticed an electric eel
    59 | D:1      | Found a shattered altar of Ashenzari.
   263 | D:2      | Reached XP level 2. HP: 19/19 MP: 3/5
   733 | D:3      | Reached XP level 3. HP: 22/24 MP: 1/7
   744 | D:3      | Learned a level 3 spell: Ozocubu's Armour
   823 | D:4      | Noticed a phantom
   823 | D:4      | Noticed a scorpion
   830 | D:3      | Found a faded altar of an unknown god.
   874 | D:3      | Found a white marble altar of Elyvilon.
  1002 | D:4      | Noticed an ice beast
  1353 | D:4      | Reached skill level 1 in Fighting
  1353 | D:4      | Reached XP level 4. HP: 32/32 MP: 4/9
  1472 | D:5      | Entered Level 5 of the Dungeon
  1515 | D:5      | Reached XP level 5. HP: 31/37 MP: 6/10
  1646 | D:4      | Noticed Sigmund
  1658 | D:4      | Killed Sigmund
  1658 | D:4      | Reached XP level 6. HP: 9/43 MP: 2/12
  1660 | D:4      | HP: 2/43 [worker ant (7)]
  2072 | D:5      | Reached skill level 5 in Ice Magic
  2320 | D:5      | Noticed a water moccasin
  2334 | D:5      | Killed a water moccasin
  2334 | D:5      | Reached skill level 5 in Spellcasting
  2334 | D:5      | Reached XP level 7. HP: 12/48 MP: 5/14
  3170 | D:4      | Noticed Blork the orc
  3195 | D:5      | Learned a level 4 spell: Throw Icicle
  3200 | D:5      | Learned a level 4 spell: Summon Ice Beast
  3221 | D:5      | Found a glowing golden altar of the Shining One.
  3262 | D:5      | Reached skill level 1 in Conjurations
  3489 | D:5      | Reached skill level 2 in Conjurations
  3784 | D:5      | Noticed Menkaure
  3792 | D:5      | Killed Menkaure
  3792 | D:5      | Reached skill level 3 in Conjurations
  3792 | D:5      | Reached XP level 8. HP: 28/54 MP: 0/17
  4189 | D:5      | Found an ancient bone altar of Kikubaaqudgha.
  4280 | D:6      | Reached skill level 4 in Conjurations
  4577 | D:6      | You fall through a shaft for 2 floors!
  4590 | D:8      | Noticed a hippogriff
  4596 | D:8      | Killed a hippogriff
  4596 | D:8      | Reached skill level 5 in Conjurations
  4847 | D:8      | Reached skill level 6 in Conjurations
  4851 | D:8      | Noticed Maurice
  5036 | D:8      | Noticed Maurice
  5036 | D:8      | Maurice changed into Maurice the ogre
  5042 | D:8      | Killed Maurice the ogre
  5692 | D:4      | Reached XP level 9. HP: 59/59 MP: 18/18
  5951 | D:4      | Killed Blork the orc
  6108 | D:3      | Found an ancient bone altar of Kikubaaqudgha.
  6659 | D:6      | Found a staircase to the Ecumenical Temple.
  6668 | Temple   | Entered the Ecumenical Temple
  6679 | Temple   | Became a worshipper of Vehumet
  7510 | D:2      | Noticed Jessica
  7513 | D:2      | Killed Jessica
  7763 | D:1      | Reached * piety under Vehumet
  7763 | D:1      | Offered knowledge of Sting by Vehumet.
  9227 | D:7      | Reached skill level 7 in Conjurations
  9312 | D:7      | Noticed a skeletal warrior
  9538 | D:8      | Got an ichor-stained ring mail
  9748 | D:8      | Identified the +3 ring mail of the Cockatrice {MR+ Int-5
                  | Dex+8} (You found it on level 8 of the Dungeon)
  9918 | D:7      | Offered knowledge of Searing Ray by Vehumet.
  9981 | D:7      | Reached ** piety under Vehumet
 10210 | D:7      | Noticed a gargoyle
 10221 | D:7      | Killed a gargoyle
 10221 | D:7      | Reached XP level 10. HP: 30/65 MP: 14/21
 10388 | D:7      | Reached skill level 8 in Conjurations
 10820 | D:7      | Found a runed door.
 10828 | D:7      | Offered knowledge of Static Discharge by Vehumet.
 10848 | D:8      | Noticed Erica
 10884 | D:8      | Killed Erica
 11340 | D:7      | Got an ancient hunting sling
 11349 | D:7      | Identified the +4 hunting sling "Lurusucw" {venom, Str+4}
                  | (You found it on level 7 of the Dungeon)
 13271 | D:7      | Found a shadowy altar of Dithmenos.
 13492 | D:7      | Killed a skeletal warrior
 13702 | D:7      | Got an ancient marble ring
 13745 | D:7      | Identified the ring of Voyf {Ice rPois SInv} (You took it
                  | off a skeletal warrior on level 7 of the Dungeon)
 13756 | D:7      | Reached skill level 9 in Conjurations
 13877 | D:7      | Found a runed door.
 13881 | D:7      | Noticed Crazy Yiuf
 13882 | D:7      | Killed Crazy Yiuf
 13963 | D:9      | Reached *** piety under Vehumet
 14371 | D:9      | Noticed a two-headed ogre
 14374 | D:9      | Killed a two-headed ogre
 14374 | D:9      | Reached XP level 11. HP: 70/70 MP: 11/24
 14417 | D:9      | Learned a level 3 spell: Mephitic Cloud
 14546 | D:9      | Found a staircase to the Orcish Mines.
 14723 | Orc:1    | Entered Level 1 of the Orcish Mines
 14737 | Orc:1    | Noticed Harold
 14742 | Orc:1    | Killed Harold
 14815 | Orc:2    | Entered Level 2 of the Orcish Mines
 14815 | Orc:2    | Found a runed gate.
 14815 | Orc:2    | Found a runed gate.
 14816 | Orc:2    | Noticed Nessos
 14817 | Orc:2    | Noticed Nessos
 14817 | Orc:2    | Nessos changed into Nessos the merfolk
 14818 | Orc:2    | Found a runed gate.
 14821 | Orc:2    | Killed Nessos the merfolk
 14923 | Orc:2    | Noticed Noname's ghost (journeyman GnSk)
 14925 | Orc:2    | Offered knowledge of Conjure Flame by Vehumet.
 14930 | Orc:2    | Learned a level 3 spell: Conjure Flame
 14948 | Orc:2    | Killed Noname's ghost
 15191 | Orc:1    | Noticed a two-headed ogre
 15195 | Orc:1    | Killed a two-headed ogre
 15543 | Orc:1    | Noticed Sonja
 15579 | Orc:2    | Reached **** piety under Vehumet
 15579 | Orc:2    | Reached skill level 10 in Conjurations
 15710 | Orc:2    | Reached skill level 10 in Spellcasting
 15730 | Orc:2    | Noticed an orc high priest
 15733 | Orc:2    | Killed an orc high priest
 15733 | Orc:2    | Reached skill level 10 in Ice Magic
 16042 | Orc:1    | Noticed an orc high priest
 16046 | Orc:1    | Noticed Urug
 16046 | Orc:1    | Noticed Nergalle
 16439 | Orc:2    | Found a staircase to the Elven Halls.
 16640 | Orc:2    | Noticed a soul eater
 16640 | Orc:2    | Noticed an orc knight
 16909 | Orc:2    | Killed a soul eater
 17175 | Orc:2    | Offered knowledge of Yara's Violent Unravelling by Vehumet.
 17212 | Orc:2    | Killed an orc knight
 17425 | Orc:2    | Found Jodul's General Store.
 17426 | Orc:2    | Found Heaskani's Food Shoppe.
 17505 | Orc:2    | Reached XP level 12. HP: 59/76 MP: 3/26
 17604 | Orc:2    | Noticed an orc high priest
 17604 | Orc:2    | Noticed an orc warlord
 17660 | Orc:2    | Killed an orc high priest
 17670 | Orc:2    | Killed an orc warlord
 17859 | Orc:2    | Killed Sonja
 18174 | Orc:2    | Reached skill level 11 in Conjurations
 18268 | Orc:2    | Shot with an arrow by a deep elf archer

Vault maps used:
D:1:      arrival_aquarium_b, evilmike_ruin_ashenzari
D:2:      serial_park_tiny_1, uniq_jessica
D:3:      lemuel_upstairs_altar, lemuel_doored_altar,
          chequers_ecumenical_altar_simple_redux
D:4:      uniq_sigmund, uniq_blork_the_orc
D:5:      serial_undead, serial_undead_b, serial_undead_c, serial_undead_b,
          serial_undead_d, serial_undead_c, serial_undead_c, serial_undead_d,
          serial_undead_e, first_ration, gup_sewer_entry_spiral, basic_altar,
          tgw_kikubaaqudgha, uniq_menkaure
D:6:      temple_hall
D:7:      minmay_the_grid_octo_tiled_octocenter, kennysheep_mini,
          minmay_misc_feat_rows, minivault_11, uniq_crazy_yiuf_cottage
D:8:      uniq_maurice, uniq_erica
D:9:      orc_0_dummy
Temple:   regret_index_temple_chain_breaker
Orc:1:    serial_shops, nicolae_shop_waterfront, uniq_urug, uniq_nergalle,
          uniq_harold, uniq_sonja
Orc:2:    pf_orc_diabolical, ebering_ghost_rock_garden, elf_legates, uniq_nessos

Skill      XL: |  1  2  3  4  5  6  7  8  9 10 11 12 |
---------------+-------------------------------------+-----
Ice Magic      | 3 4 5 6 7 9 10 | 10.9
Spellcasting   | 3 4 5 6 7 9 10 | 10.9
Fighting       | 1 |  1.0
Dodging        | 2 |  2.7
Conjurations   | 3 6 7 9 10 11 | 11.0
Stealth        | |  1.5

Action                   |  1- 3 |  4- 6 |  7- 9 | 10-12 || total
-------------------------+-------+-------+-------+-------++-------
Melee: Unarmed           |     2 |       |       |       ||     2
       Short sword       |    12 |       |       |       ||    12
       Glaive            |       |    39 |   194 |    13 ||   246
       Scimitar          |       |       |       |     9 ||     9
 Fire: Hunting sling     |       |       |       |     7 ||     7
 Cast: Freeze            |    56 |    40 |   117 |    13 ||   226
       Ozocubu's Armour  |       |     4 |    13 |     1 ||    18
       Throw Icicle      |       |       |    95 |   243 ||   338
       Conjure Flame     |       |       |       |     1 ||     1
       Mephitic Cloud    |       |       |       |     1 ||     1
Evoke: Wand              |       |       |     5 |     6 ||    11
  Use: Scroll            |     7 |     1 |     8 |     4 ||    20
 Stab: Sleeping          |     2 |       |     3 |       ||     5
       Distracted        |       |       |     1 |       ||     1
Armor: Robe              |     8 |    21 |    62 |       ||    91
       Ring mail         |       |       |    31 |       ||    31
       Steam dragon scal |       |       |    15 |    19 ||    34
Dodge: Dodged            |    29 |    54 |   270 |    63 ||   416
Block: Shield            |       |       |       |     1 ||     1
       Rpst.: Scimitar   |       |       |       |     9 ||     9

Table legend:
 A = Non-vault XP
 B = Vault XP
 C = Vault XP percentage of total XP
 D = Non-vault monster count
 E = Vault monster count
 F = Vault count percentage of total count
                 A         B        C        D         E       F
            +---------+---------+-------+---------+---------+-------
      Total |   11396 |   15250 |  57.2 |     241 |      96 |  28.5
            +---------+---------+-------+---------+---------+-------
        D:1 |      48 |       0 |   0.0 |      25 |       0 |   0.0
        D:2 |      70 |      37 |  34.6 |      23 |       1 |   4.2
        D:3 |      61 |       0 |   0.0 |      22 |       0 |   0.0
        D:4 |     838 |     301 |  26.4 |      26 |       2 |   7.1
        D:5 |     402 |     475 |  54.2 |      11 |      22 |  66.7
        D:6 |     699 |       0 |   0.0 |      18 |       0 |   0.0
        D:7 |    1329 |    3099 |  70.0 |      34 |      26 |  43.3
        D:8 |    1351 |    1043 |  43.6 |      24 |       3 |  11.1
        D:9 |    1835 |       0 |   0.0 |      20 |       0 |   0.0
      Orc:1 |    1076 |    1102 |  50.6 |       4 |       3 |  42.9
      Orc:2 |    3687 |    9193 |  71.4 |      34 |      39 |  53.4
            +---------+---------+-------+---------+---------+-------
